 Dungeon Crawl Stone Soup version 0.28-a0-2-g643f2454ad (webtiles) character file.

Game seed: 6837785761385513687

4 Spectrina the Sneak (level 1, -5/20 HPs)
             Began as a Djinni Delver on July 23, 2021.
             Killed by divine providence
             ... invoked by an orc priest
              (10 damage)
             ... on level 4 of the Dungeon.
             The game lasted 00:01:04 (201 turns).

Spectrina the Sneak (Djinni Delver)                  Turns: 201, Time: 00:01:04

Health: -5/20      AC:  4    Str: 11    XL:     1   Next: 77%
Gold:   71         EV: 12    Int: 11    God:
                   SH:  0    Dex: 14

rFire   + + .      SeeInvis .     - Unarmed
rCold   x . .      Faith    .   (no shield)
rNeg    . . .      Spirit   .   a - +0 leather armour
rPois   ∞          Reflect  .   (no helmet)
rElec   .          Harm     .   h - +0 cloak
rCorr   .          Rampage  .   (no gloves)
Will    .....                   (boots unavailable)
Stlth   ++........              (no amulet)
HPRegen 0.06/turn               (no ring)
MPRegen 0.00/turn               (no ring)

@: flying
A: sickness immunity, fire resistance 2, cold vulnerability 1, float, innate
caster, hp casting, extra vitality 1
a: no special abilities


You were on level 4 of the Dungeon.
You visited 1 branch of the dungeon, and saw 3 of its levels.

You collected 71 gold pieces.

Inventory:

Missiles
 j - 19 bolts
 k - 20 stones (quivered)
Armour
 a - a +0 leather armour (worn)
 h - a +0 cloak (worn)
Wands
 f - a wand of digging (3)
 g - a wand of flame (9)
Scrolls
 b - a scroll of fog
 c - a scroll of magic mapping
 d - a scroll of fear
 i - a scroll of identify {unknown}
Potions
 e - a potion of haste


   Skills:
 - Level 3.0 Fighting
 - Level 2.1 Dodging
 - Level 4.1 Stealth
 - Level 2.0 Unarmed Combat
 + Level 0.8 Spellcasting


You had one spell level left.
You didn't know any spells.
Your spell library was empty.

Dungeon Overview and Level Annotations

Branches:
Dungeon (6/15)             Temple (0/1) D:4

Altars:
Makhleb

Shops:
D:4 :


Innate Abilities, Weirdness & Mutations

You are immune to sickness and miasma.
You are immune to poison.
Your flesh is very heat resistant. (rF++)
You are vulnerable to cold. (rC-)
You float through the air rather than walking.
You learn spells naturally, not from books.
Your magical power is your life essence.
You have superior vitality. (+4 HP)


Message History

You hit the hobgoblin but do no damage.
The hobgoblin is severely wounded.
The hobgoblin closely misses you.
You hit the hobgoblin.
You kill the hobgoblin!
You see here a hobgoblin corpse.
i - a scroll labelled GOKIQI QOELO You see here a hobgoblin corpse.
You see here 19 bolts.
j - 19 bolts The endoplasm quivers.
You see here 20 stones.
k - 20 stones The endoplasm freezes you.
You are frozen.
You feel a terrible chill!
You barely miss the endoplasm. The endoplasm closely misses you.
You completely miss the endoplasm. The endoplasm freezes you.
You are frozen!
You feel a terrible chill!
* * * LOW HITPOINT WARNING * * *
You hit the endoplasm.
The endoplasm is moderately wounded.
You hit the endoplasm.
The endoplasm is almost dead.
The endoplasm closely misses you.
You hit the endoplasm.
You kill the endoplasm!
There is a stone staircase leading down here.
An orc priest comes into view. It is wielding a +0 whip.
The orc priest shouts!
The orc priest begins to cast a cantrip, but forgets the words!
Found a staircase to the Ecumenical Temple.
A kobold comes into view. It is wielding a +1 whip of pain.
There is a stone staircase leading down here.
Unknown command.
The kobold shouts!
The orc priest mumbles some strange prayers to Beogh against you.
Beogh smites you!
Ouch! That really hurt!
You die...

...... ....>..
#.............
#.........o...
.........∩...
######.#.........
...##...#.......
#.###..........
#...#...# .....
###...@.# ......
###.#.##......
##..#.........
#.............
#..#...........
..K.##..........
#####
#..†...####.#
#...........#
##......####.


You could see an orc priest and a kobold.

Vanquished Creatures
  An orc (D:5)
  An endoplasm (D:4)
  A hobgoblin (D:4)
3 creatures vanquished.

Notes
Turn   | Place    | Note
-------+----------+-------------------------------------------
     0 | D:5      | Spectrina the Djinni Delver began the quest for the Orb.
     0 | D:5      | Reached XP level 1. HP: 20/20 MP: 0/0
    19 | D:6      | Noticed a necrophage
    50 | D:5      | Found a burning altar of Makhleb.
   146 | D:4      | Found Piexzoash's Book Boutique.
   199 | D:4      | Found a staircase to the Ecumenical Temple.
   199 | D:4      | Noticed an orc priest
   201 | D:4      | Killed from afar by an orc priest

Illustrated notes

Levels and vault maps discovered:
D:4:      layout_rooms, mainiacjoe_overflow_boulevard,
          minmay_temple_entry_proselytizer, serial_shops, shop,
          grunt_decor_fettered, uniq_blork_the_orc
D:5:      layout_gridville, amcnicky_altar_gilded, elyvilon_altar_4,
          grunt_ministairs_13
D:6:      layout_basic, mainiacjoe_overflow_brackets, serial_shops,
          nicolae_shop_stone, minmay_manual_mares

Action                   || total
-------------------------++-------
Melee: Unarmed           ||    28
       Punch             ||     1
Armor: Leather armour    ||     1
Dodge: Dodged            ||    16

Table legend: (Time is in decaauts)
 A = Elapsed time spent in this place.
 B = Non-inter-level travel time spent in this place.
 C = Inter-level travel time spent in this place.
 D = Time resting spent in this place.
 E = Time spent auto-exploring this place.
 F = Levels seen in this place.
 G = Mean time per level.
                   A        B        C        D        E       F      G
               +--------+--------+--------+--------+--------+-----+--------+
         Total |    201 |    201 |      0 |      0 |      0 |   3 |   67.0 |
       Dungeon |    201 |    201 |      0 |      0 |      0 |   3 |   67.0 |
               +--------+--------+--------+--------+--------+-----+--------+

Top non-repeatable levels by time:
     D:5: 130 daAuts
     D:4: 53 daAuts
     D:6: 17 daAuts
